 Dungeon Crawl Stone Soup version 0.30.1-9-gdf580d7c3d (webtiles) character file.

Game seed: 5151972476122573518

7046 ringo67 the Frost Mage (level 10, 0/77 HPs)
             Began as a Vampire Ice Elementalist on Oct 7, 2023.
             Was a Follower of Sif Muna.
             Slain by Erica
             ... wielding a +4 scimitar of flaming
              (1 damage)
             ... on level 8 of the Dungeon.
             The game lasted 00:35:39 (10324 turns).

ringo67 the Frost Mage (Vampire Ice Elementalist)  Turns: 10324, Time: 00:35:40

Health: 0/77       AC: 13    Str: 11    XL:     10   Next: 83%
Magic:  17/17      EV: 13    Int: 28    God:    Sif Muna [*.....]
Gold:   393        SH:  5    Dex: 16    Spells: 6/19 levels left

rFire   + . .        F - +5 short sword of Lykhli Tuqoo {flame, rPois rF+ Str+4}
rCold   x . .        j - +0 buckler
rNeg    + . .        t - +4 ring mail "Zarul" {rC- rN+ Int+7}
rPois   +            B - +0 helmet
rElec   .            x - +0 cloak
rCorr   .            (no gloves)
SInv    +            C - +0 pair of boots
Will    +....        (no amulet)
Stlth   ++           (no ring)
HPRegen 0.52/turn    (no ring)
MPRegen 0.15/turn

%: no passive effects
@: brilliant, healing quickly
A: alive, fangs 3, see invisible, vampiric 2
a: Exsanguinate, Renounce Religion, Channel Magic


You were on level 8 of the Dungeon.
You worshipped Sif Muna.
Sif Muna was aware of your devotion.
You visited 2 branches of the dungeon, and saw 9 of its levels.

You collected 393 gold pieces.

Inventory:

Hand Weapons
 v - a +0 halberd
 F - the +5 short sword of Lykhli Tuqoo (weapon) {flame, rPois rF+ Str+4}
   (You found it on level 6 of the Dungeon)

   Str:       It affects your strength (+4).
   rF:        It protects you from fire.
   rPois:     It protects you from poison.
 H - a +2 spear of venom
Missiles
 G - 2 throwing nets
Armour
 j - a +0 buckler (worn)
 k - a +1 ring mail of fire resistance
 n - a +0 robe of willpower
 t - the +4 ring mail "Zarul" (worn) {rC- rN+ Int+7}
   (You found it on level 3 of the Dungeon)

   Int:       It affects your intelligence (+7).
   rC:        It makes you vulnerable to cold.
   rN:        It protects you from negative energy.
 x - a +0 cloak (worn)
 B - a +0 helmet (worn)
 C - a +0 pair of boots (worn)
 K - +0 steam dragon scales
Jewellery
 r - a ring of positive energy
Wands
 a - a wand of quicksilver (7)
 I - a wand of digging (3)
Scrolls
 e - a scroll of fear {unknown}
 f - 3 scrolls of silence {unknown}
 h - 3 scrolls of immolation {unknown}
 l - a scroll of noise {unknown}
 o - a scroll of enchant weapon {unknown}
 p - 2 scrolls of enchant armour {unknown}
 q - 3 scrolls of blinking {unknown}
 s - 7 scrolls of identify {unknown}
 u - a scroll of amnesia {unknown}
 y - 5 scrolls of teleportation
 z - 4 scrolls of fog {unknown}
 J - a scroll of torment {unknown}
Potions
 c - a potion of attraction {unknown}
 d - 2 potions of curing {unknown}
 g - 3 potions of lignification {unknown}
 i - 2 potions of brilliance
 m - 2 potions of degeneration {unknown}
 w - 2 potions of flight {unknown}
 A - 2 potions of might
 D - 2 potions of heal wounds {unknown}
 E - 2 potions of resistance {unknown}


   Skills:
 + Level 6.4 Fighting
 - Level 5.0 Armour
 - Level 7.2 Dodging
 - Level 3.0 Stealth
 + Level 2.8 Shields
 - Level 5.0 Spellcasting
 - Level 6.0 Summonings
 + Level 9.7 Ice Magic


You had 6 spell levels left.
You knew the following spells:

 Your Spells              Type           Power      Damage    Failure   Level
a - Freeze                Ice            100%       1d10      1%          1
b - Frozen Ramparts       Ice            100%       1d16      1%          3
c - Summon Ice Beast      Ice/Summ       67%        N/A       9%          4
d - Ozocubu's Armour      Ice            75%        N/A       1%          3
e - Blink                 Tloc           20%        N/A       32%         2

Your spell library contained the following spells:

 Spells                   Type           Power      Damage    Failure   Level
 Hailstorm                Conj/Ice       51%        3d11      9%          3
 Lesser Beckoning         Tloc           20%        N/A       32%         2
 Momentum Strike          Conj/Tloc      20%        3d8       32%         2
 Gell's Gravitas          Tloc           10%        N/A       54%         3
 Teleport Other           Tloc           10%        N/A       54%         3
 Olgreb's Toxic Radiance  Pois           10%        N/A       91%         4
 Discord                  Hex            5%         N/A       100%        8
 Ignition                 Fire           5%         3d4       100%        8


Dungeon Overview and Level Annotations

Branches:
Dungeon (8/15)             Temple (1/1) D:5
   Lair: D:8-11

Altars:
Ashenzari
Cheibriados
Dithmenos
Fedhas
Gozag
Hepliaklqana
Kikubaaqudgha
Makhleb
Nemelex Xobeh
Okawaru
Qazlal
Ru
Sif Muna
Trog
Uskayaw
Vehumet
Wu Jian
Xom
Yredelemnul
Lugonu

Shops:
D:4 =   D:7 *

Portals:
Abyss: D:6

Annotations:
D:6 2 runed translucent doors
D:8 Erica


Innate Abilities, Weirdness & Mutations

Your natural rate of healing is accelerated.
You have razor-sharp teeth.
You have supernaturally acute eyesight. (SInv)
You are afflicted with vampirism and can become a bat while bloodless.


Message History

Erica resists.
The wall freezes Erica.
Erica hits you but does no damage.
Casting: Summon Ice Beast (dangerous; 9% risk of failure)
Confirm with . or Enter, or press ? or * to list all spells.
A chill wind blows around you.
Erica resists.
The wall freezes Erica.
Erica points at you and mumbles some strange words.
The lance of force hits you!
Your icy armour cracks and falls away as you move.
The frozen ramparts melt away as you move.
You are knocked back by the lance of force.
You slam into the rock wall!
You hit Erica but do no damage. You bite Erica, but do no damage.
Erica is heavily wounded.
Erica casts a spell at you.
You are confused.
Unknown command.
Are you sure you want to stumble around while confused and next to your ice beast?
Okay, then.
Erica gestures at you while chanting. The bolt of poison hits you. You resist.
Magic courses through your body.
Erica points at you and mumbles some strange words.
You resist with some effort.
You're too confused to cast spells.
Are you sure you want to stumble around while confused and next to your ice beast?
Okay, then.
You're too confused to cast spells.
Erica hits you with a +4 scimitar of flaming!
Erica burns you.
Your magical contamination has completely faded away.
Erica hits you with a +4 scimitar of flaming!
* * * LOW HITPOINT WARNING * * *
Erica burns you.
* * * LOW HITPOINT WARNING * * *
Unknown command.
It was a potion of brilliance.
You feel clever all of a sudden.
You feel less confused.
Erica hits you with a +4 scimitar of flaming!
* * * LOW HITPOINT WARNING * * *
Erica burns you.
You die...

..#####'########.....#'##########
..#.....).#....#.....'......#....
..#.......#....#.....#......'....
..#.......#....#.....#......#..).
..#####.####..##>....#########'##
....###.####..#####..............
....#...#......'..#..............
....#...#......#..#..............
....#...#......#@@'..............
....'...#......#Y.#.............#
....#...#......#..#.............#
....######+######'#.............#
.#'###..##..####..#######.......#
.#.......#..........'...'.......#
.#.......#..........#...#.......#
.#.......#..........#...#.......#
.#..#....#..........#...#.......#


You could see Erica (invisible) and a friendly ice beast (summoned).

Vanquished Creatures
  Pikel (D:4)
  A kobold demonologist (D:8)
  Grinder (D:6)
  A nameless horror (D:5)
  3 yaks (D:8)
  A steam dragon (D:8)
  2 water moccasins
  2 orc warriors (D:7)
  Pargi (D:3)
  A sky beast (D:7)
  A black bear (D:6)
  3 ice beasts
  3 centaurs
  2 ogres
  A kobold brigand (D:8)
  4 scorpions
  6 killer bees (D:8)
  4 howler monkeys
  A jelly (D:5)
  An orc priest (D:4)
  2 gnoll boudas
  Crazy Yiuf (D:3)
  4 hounds
  3 sleepcaps
  Jessica (D:2)
  Ijyb (D:3)
  An iguana (D:5)
  Natasha (thrice) (D:4)
  7 orc wizards
  14 gnolls
  12 adders
  A worm (D:2)
  A dart slug (D:1)
  27 orcs
  8 ball pythons
  3 bats
  11 endoplasms
  5 giant cockroaches
  4 goblins
  9 hobgoblins
  A quokka (D:1)
  A frilled lizard (D:1)
  13 kobolds
  5 rats
178 creatures vanquished.

Vanquished Creatures (collateral kills)
  2 centaur warriors (D:8)
  A deep elf pyromancer (D:8)
  A troll (D:8)
  2 yaks (D:8)
  A water moccasin (D:5)
  A centaur (D:6)
  Blork the orc (D:4)
  A hound (D:6)
  An orc priest (D:6)
  A shadow imp (D:7)
  An orc (D:6)
  A giant cockroach (D:4)
  A kobold (D:8)
15 creatures vanquished.

Grand Total: 193 creatures vanquished

Notes
Turn   | Place    | Note
-------+----------+-------------------------------------------
     0 | D:1      | ringo67 the Vampire Ice Elementalist began the quest for
                  | the Orb.
     0 | D:1      | Reached XP level 1. HP: 13/13 MP: 3/3
   246 | D:1      | Reached XP level 2. HP: 9/19 MP: 0/5
   809 | D:1      | Gained mutation: You are afflicted with vampirism and can
                  | become a bat while bloodless. [Vampire growth]
   809 | D:1      | Reached XP level 3. HP: 24/24 MP: 6/6
   813 | D:1      | Learned a level 3 spell: Frozen Ramparts
  1180 | D:2      | Noticed Jessica
  1185 | D:2      | Killed Jessica
  1186 | D:2      | Reached XP level 4. HP: 30/30 MP: 8/8
  1693 | D:2      | Learned a level 4 spell: Summon Ice Beast
  2179 | D:3      | Identified the +4 ring mail "Zarul" {rC- rN+ Int+7}
  2265 | D:3      | Noticed Ijyb
  2280 | D:3      | Killed Ijyb
  2281 | D:3      | Reached XP level 5. HP: 13/35 MP: 0/9
  2463 | D:3      | Noticed Pargi
  2471 | D:3      | Killed Pargi
  2472 | D:3      | Reached skill level 1 in Summonings
  2472 | D:3      | Reached skill level 5 in Ice Magic
  2688 | D:3      | Reached XP level 6. HP: 38/41 MP: 6/11
  3029 | D:3      | Found a runed translucent door.
  3030 | D:3      | Noticed Crazy Yiuf
  3090 | D:3      | Killed Crazy Yiuf
  3225 | D:4      | Noticed Pikel
  3236 | D:4      | HP: 1/41 [Pikel/+2 whip of freezing (3)]
  3237 | D:4      | Killed Pikel
  3238 | D:4      | Reached skill level 5 in Dodging
  3238 | D:4      | Reached skill level 6 in Ice Magic
  3238 | D:4      | Reached XP level 7. HP: 3/46 MP: 0/13
  3521 | D:4      | Found an ornate altar of the Wu Jian Council.
  3573 | D:4      | Noticed Natasha
  3575 | D:4      | Killed Natasha
  3623 | D:4      | Found Usug Mun's Jewellery Shop.
  3631 | D:4      | Noticed Blork the orc
  3642 | D:4      | Killed Blork the orc
  3643 | D:4      | Reached XP level 8. HP: 52/52 MP: 7/15
  3885 | D:4      | Noticed Natasha
  3890 | D:4      | Killed Natasha
  3899 | D:4      | Found an opulent altar of Gozag.
  3900 | D:4      | Found a shimmering altar of Xom.
  4033 | D:4      | Noticed Natasha
  4043 | D:4      | Killed Natasha
  4321 | D:5      | Entered Level 5 of the Dungeon
  4395 | D:5      | Noticed a nameless horror
  4411 | D:5      | Killed a nameless horror
  4580 | D:5      | Reached skill level 5 in Spellcasting
  4688 | D:5      | Reached skill level 1 in Fighting
  5172 | D:5      | Reached skill level 7 in Ice Magic
  5216 | D:5      | Found a staircase to the Ecumenical Temple.
  5246 | Temple   | Entered the Ecumenical Temple
  5753 | D:5      | Reached skill level 5 in Summonings
  6187 | D:5      | Reached XP level 9. HP: 62/62 MP: 12/16
  6551 | D:6      | Identified the +5 short sword of Lykhli Tuqoo {flame, rPois
                  | rF+ Str+4}
  6728 | D:6      | Found a large runed translucent door.
  6728 | D:6      | Found a large runed translucent door.
  6729 | D:6      | Found a corrupted altar of Lugonu.
  6729 | D:6      | You fall into a shaft and drop 2 floors!
  6732 | D:8      | Found a basalt altar of Yredelemnul.
  6744 | D:8      | Found a stormy altar of Qazlal.
  6839 | D:8      | Noticed Erica
  7060 | D:7      | Reached skill level 1 in Armour
  7409 | D:7      | Found a sparkling altar of Nemelex Xobeh.
  7623 | D:7      | Found a shimmering blue altar of Sif Muna.
  7626 | D:7      | Became a worshipper of Sif Muna the Loreminder
  7726 | D:7      | Found Acanal's Serpentskin Sales.
  7733 | D:7      | Reached skill level 8 in Ice Magic
  8261 | D:6      | Noticed Grinder
  8263 | D:6      | Paralysed by Grinder for 3 turns
  8277 | D:6      | Killed Grinder
  8358 | D:6      | Found a broken altar of Ashenzari.
  8513 | D:6      | Found a one-way gate to the infinite horrors of the Abyss.
  8555 | D:6      | Found an iron altar of Okawaru.
  8558 | D:6      | Found a hazy altar of Hepliaklqana.
  8563 | D:6      | Found a shadowy altar of Dithmenos.
  8827 | D:8      | Reached * piety under Sif Muna
  8841 | D:8      | Reached XP level 10. HP: 73/73 MP: 11/17
  8852 | D:8      | Reached skill level 5 in Fighting
  8860 | D:8      | Reached skill level 9 in Ice Magic
  9033 | D:8      | Noticed a deep elf pyromancer
  9065 | D:8      | Learned a level 3 spell: Ozocubu's Armour
  9068 | D:8      | Learned a level 2 spell: Blink
  9144 | D:8      | Noticed a centaur warrior
  9161 | D:8      | Killed a deep elf pyromancer
  9162 | D:8      | Reached skill level 1 in Shields
  9566 | D:8      | Noticed a centaur warrior
  9583 | D:8      | Killed a centaur warrior
  9768 | D:8      | Killed a centaur warrior
 10097 | D:8      | Reached skill level 5 in Armour
 10324 | D:8      | HP: 1/77 [Erica/+4 scimitar of flaming (9)]
 10324 | D:8      | Slain by Erica

Illustrated notes

Levels and vault maps discovered:
D:1:      saegor_arrival_under_anarchy, layout_loops_ring,
          kennysheep_pointless_box
D:2:      layout_basic, minivault_24, uniq_jessica
D:3:      layout_basic, uniq_crazy_yiuf_cottage, uniq_pargi, uniq_ijyb
D:4:      layout_rooms, chequers_temple_overflow_statue_of_worship,
          serial_shops, shop, uniq_pikel, uniq_blork_the_orc, uniq_natasha
D:5:      layout_layer_cave, temple_doors_e, serial_bayou, serial_bayou_pond_b,
          serial_bayou_pond_e, serial_bayou_lagoon_a, serial_bayou_pond_e,
          dk_vineyard_3
D:6:      due_chaos_kobolds, layout_rooms, cheibrodos_ashenzari_chains,
          grunt_temple_overflow_diamond, serial_corexii_hall,
          chequers_hall_statues_y, corexii_hall_statues_s,
          corexii_hall_statues_deadend, corexii_hall_statues_l,
          corexii_hall_statues_u, chequers_hall_statues_wall_a, uniq_grinder
D:7:      layout_basic, nemelex_altar_shiori, kennysheep_mini_moat,
          guppyfry_shop_venom
D:8:      minmay_curly_fans, layout_gridville, mainiacjoe_overflow_alcove_2,
          yredelemnul_altar_generic, enter_bailey_2, uniq_erica
Temple:   bh_familiar_temple

Skill      XL: |  1  2  3  4  5  6  7  8  9 10 |
---------------+-------------------------------+-----
Dodging        | 3 4 5 6 7 |  7.2
Spellcasting   | 3 4 5 |  5.0
Summonings     | 1 3 5 6 |  6.0
Ice Magic      | 5 6 7 8 9 |  9.7
Fighting       | 2 4 6 |  6.4
Armour         | 3 5 |  5.0
Shields        | 2 |  2.8
Stealth        | |  3.0

Action                     |  1- 3 |  4- 6 |  7- 9 | 10-12 || total
---------------------------+-------+-------+-------+-------++-------
  Melee: Unarmed           |    11 |       |       |       ||    11
         Dagger            |    59 |    24 |       |       ||    83
         Bite              |     8 |     8 |    10 |     2 ||    28
         Short sword       |       |    27 |    45 |    27 ||    99
         Halberd           |       |    11 |   112 |       ||   123
   Cast: Freeze            |    22 |    18 |     4 |       ||    44
         Frozen Ramparts   |     2 |    10 |    54 |    15 ||    81
         Summon Ice Beast  |       |     2 |    15 |    11 ||    28
         Ozocubu's Armour  |       |       |       |     3 ||     3
         Blink             |       |       |       |     1 ||     1
    Use: Potion            |       |       |       |     3 ||     3
         Scroll            |       |       |       |     1 ||     1
   Stab: Sleeping          |     3 |     3 |     2 |       ||     8
         Distracted        |       |       |     3 |       ||     3
 Armour: Robe              |    11 |    15 |     8 |       ||    34
         Ring mail         |       |       |    15 |    18 ||    33
  Dodge: Dodged            |    49 |    54 |    93 |    34 ||   230
